 Dungeon Crawl Stone Soup version 0.29-a0-330-g52719c12eb (webtiles) character file.

Game seed: 15593291751173287035

19 kae the Magician (level 2, -10/24 HPs)
             Began as a Djinni Fire Elementalist on Apr 19, 2022.
             Mangled by Sigmund
             ... wielding a +0 scythe
              (12 damage)
             ... on level 2 of the Dungeon.
             The game lasted 00:01:03 (1312 turns).

kae the Magician (Djinni Fire Elementalist)         Turns: 1312, Time: 00:01:04

Health: -10/24     AC:  2    Str:  7    XL:     2   Next: 95%
Gold:   81         EV: 11    Int: 16    God:
                   SH:  0    Dex: 13

rFire   + + .      SeeInvis .   (no weapon)
rCold   x . .      Faith    .   k - +0 buckler
rNeg    . . .      Spirit   .   a - +0 robe
rPois   ∞          Reflect  .   (helmet restricted)
rElec   .          Harm     .   (no cloak)
rCorr   .          Rampage  .   (no gloves)
Will    .....                   (boots unavailable)
Stlth   +.........              (no amulet)
HPRegen 0.08/turn               (no ring)
MPRegen 0.00/turn               (no ring)

@: confused, flying
A: sickness immunity, fire resistance 2, cold vulnerability 1, float, innate
caster, HP casting, extra vitality 1, antennae 1, robust 1, noise suppression
a: no special abilities


You were on level 2 of the Dungeon.
You visited 1 branch of the dungeon, and saw 2 of its levels.

You collected 81 gold pieces.

Inventory:

Armour
 a - a +0 robe (worn)
 k - a +0 buckler (worn)
Scrolls
 e - a scroll of enchant weapon
 h - 2 scrolls of identify {unknown}
 j - a scroll of immolation {unknown}
Potions
 c - 2 potions of mutation
 d - a potion of resistance {unknown}
 f - a potion of invisibility {unknown}
 g - a potion of curing {unknown}
 i - a potion of degeneration {unknown}
 l - a potion of haste {unknown}


   Skills:
 + Level 1.1 Fighting
 - Level 2.1 Dodging
 - Level 1.5 Stealth
 + Level 0.0 Shields
 * Level 2.9 Spellcasting


You couldn't memorise any spells.
You knew the following spells:

 Your Spells              Type           Power      Damage    Failure   Level
a - Foxfire               Conj/Fire      44%        2x1d6     8%          1
b - Scorch                Fire           22%        2d6       12%         2
c - Conjure Flame         Conj/Fire      11%        6-21      22%         3
d - Inner Flame           Hex/Fire       11%        N/A       22%         3
e - Flame Wave            Conj/Fire      11%        2d5       58%         4
Your spell library was empty.

Dungeon Overview and Level Annotations

Branches:
Dungeon (2/15)

Altars:

Annotations:
D:2 Sigmund


Innate Abilities, Weirdness & Mutations

You are immune to sickness and miasma.
You are immune to poison.
Your flesh is very heat resistant. (rF++)
You are vulnerable to cold. (rC-)
You float through the air rather than walking.
You learn spells naturally, not from books.
Your magical power is your life essence.
You have superior vitality. (+4 MHP)
You have a pair of small antennae on your head.
You are robust. (+10% HP)
You passively dampen the noise of your surroundings.


Message History

The puff of flame hits you. You resist.
Casting: Foxfire (safe; 8% risk of failure)
Confirm with . or Enter, or press ? or * to list all spells.
You conjure some foxfire!
You are confused.
The foxfire hits something. x2
You're too confused to cast spells.
You're too confused to cast spells.
It was a potion of cancellation.
Your magical effects are unravelling.
You feel magically purged.
You feel less confused.
Casting: Foxfire (safe; 8% risk of failure)
Confirm with . or Enter, or press ? or * to list all spells.
You conjure some foxfire!
The foxfire hits something. x2
Casting: Foxfire (safe; 8% risk of failure)
Confirm with . or Enter, or press ? or * to list all spells.
You conjure some foxfire!
You block something's attack.
The foxfire hits something but does no damage.
The foxfire hits something.
Casting: Foxfire (safe; 8% risk of failure)
Confirm with . or Enter, or press ? or * to list all spells.
You conjure some foxfire!
Something hits you!
Ouch! That really hurt!
* * * LOW HITPOINT WARNING * * *
The foxfire hits something but does no damage. x2
You hear some strange, mumbled words.
You are confused.
You're too confused to cast spells.
You're too confused to cast spells.
You're too confused to cast spells.
Unknown command.
It was a potion of mutation.
You feel extremely strange.
You feel robust.
You feel your surroundings grow quieter.
A pair of antennae grows on your head! Something hits you!
Ouch! That really hurt!
You die...

....#.# #.... ....#.#
#... ....#.##.###...
...........#... #
.....####..##.# .#
.....# #..##.# .. .....#
#..##.#####.# .###.#
#......§...#...
...#.#####..#.#.@.{...#
...#..........+§§.....#
...#.....##...#.........
.###..........#.........
.# #(.........#####+#.#.
.# #.........>.. # .#
#.....######## .#
#.....# .# #######


There were no monsters in sight!

Vanquished Creatures
  3 endoplasms
  A giant cockroach (D:1)
  3 goblins
  3 hobgoblins (D:1)
  2 kobolds (D:2)
  A quokka (D:1)
  2 rats
15 creatures vanquished.

Vanquished Creatures (others)
  67 foxfires
67 creatures vanquished.

Grand Total: 82 creatures vanquished

Notes
Turn   | Place    | Note
-------+----------+-------------------------------------------
     0 | D:1      | kae the Djinni Fire Elementalist began the quest for the
                  | Orb.
     0 | D:1      | Reached XP level 1. HP: 15/15 MP: 0/0
   268 | D:1      | Reached XP level 2. HP: 21/22 MP: 0/0
   671 | D:2      | Reached skill level 1 in Fighting
  1298 | D:2      | Noticed Sigmund
  1312 | D:2      | Gained mutation: You are robust. (+10% HP) [potion of
                  | mutation]
  1312 | D:2      | Gained mutation: You passively dampen the noise of your
                  | surroundings. [potion of mutation]
  1312 | D:2      | Gained mutation: You have a pair of small antennae on your
                  | head. [potion of mutation]
  1312 | D:2      | Mangled by Sigmund

Illustrated notes

Levels and vault maps discovered:
D:1:      dpeg_arrival_tiny_d, layout_rooms
D:2:      layout_basic, uniq_sigmund

Skill      XL: |  1  2 |
---------------+-------+-----
Fighting       | 1 |  1.1
Dodging        | |  2.1
Stealth        | |  1.5
Spellcasting   | |  2.9

Action                   || total
-------------------------++-------
 Cast: Foxfire           ||    38
       Scorch            ||     2
  Use: Scroll            ||     3
       Potion            ||     2
Armor: Robe              ||     1
Dodge: Dodged            ||     3
Block: Buckler           ||     2

Table legend: (Time is in decaauts)
 A = Elapsed time spent in this place.
 B = Non-inter-level travel time spent in this place.
 C = Inter-level travel time spent in this place.
 D = Time resting spent in this place.
 E = Time spent auto-exploring this place.
 F = Levels seen in this place.
 G = Mean time per level.
                   A        B        C        D        E       F      G
               +--------+--------+--------+--------+--------+-----+--------+
         Total |   1311 |   1247 |     64 |      0 |   1081 |   2 |  655.5 |
       Dungeon |   1311 |   1247 |     64 |      0 |   1081 |   2 |  655.5 |
               +--------+--------+--------+--------+--------+-----+--------+

Top non-repeatable levels by time:
     D:2: 685 daAuts
     D:1: 626 daAuts
